 Dungeon Crawl Stone Soup version 0.31-a0-237-g2d982f9f85 (webtiles) character file.

Game seed: 9613988376169296297

93 qw the Shooter (level 4, -1/26 HPs)
             Began as a Gargoyle Hexslinger on July 11, 2023.
             Slain by Grinder (2 damage)
             ... on level 3 of the Dungeon.
             The game lasted 00:00:35 (1591 turns).

qw the Shooter (Gargoyle Hexslinger)                Turns: 1591, Time: 00:00:36

Health: -1/26      AC:  8    Str: 18    XL:     4   Next: 61%
Magic:  5/5        EV: 11    Int: 13    God:
Gold:   132        SH:  5    Dex: 14    Spells: 4/5 levels left

rFire   + . .        Y - +2 sling
rCold   . . .        (no shield)
rNeg    + . .        h - +2 leather armour {rF+}
rPois   inf          (no helmet)
rElec   +            (no cloak)
rCorr   .            (no gloves)
SInv    .            (no boots)
Will    .....        l - amulet of reflection
Stlth   +            b - +6 ring of strength
HPRegen 0.24/turn    (no ring)
MPRegen 0.09/turn

%: reflection
@: about to teleport
A: sickness immunity, AC +3, negative energy resistance 1, electricity
resistance, torment resistance 1, petrification resistance
a: no special abilities


You were on level 3 of the Dungeon.
You visited 1 branch of the dungeon, and saw 3 of its levels.

You collected 132 gold pieces.


Innate Abilities, Weirdness & Mutations

You are immune to sickness and miasma.
Your stone body is resilient. (AC +3)
You are immune to poison.
You resist negative energy. (rN+)
You are resistant to electric shocks. (rElec)
You are resistant to unholy torment.
You are immune to petrification.


   Skills:
 - Level 2.0 Fighting
 + Level 4.4 Ranged Weapons
 - Level 1.5 Dodging
 - Level 1.0 Spellcasting
 - Level 2.6 Hexes


You had 4 spell levels left.
You knew the following spells:

 Your Spells              Type           Power      Damage    Failure   Level
a - Slow                  Hex            28%        N/A       11%         1

Your spell library contained the following spells:

 Spells                   Type           Power      Damage    Failure   Level
 Inner Flame              Hex/Fire       4%         N/A       50%         3
 Portal Projectile        Hex/Tloc       8%         N/A       50%         3
 Cause Fear               Hex            3%         N/A       73%         4

Inventory:

Hand Weapons
 Y - a +2 sling (weapon)
Armour
 h - a +2 leather armour of fire resistance (worn)
Jewellery
 b - a +6 ring of strength (left hand)
 l - an amulet of reflection (around neck)
Scrolls
 e - a scroll of summoning {unknown}
 i - 2 scrolls of identify
Potions
 c - a potion of might
 d - a potion of heal wounds
 j - a potion of brilliance {unknown}
 m - a potion of haste {unknown}

Dungeon Overview and Level Annotations

Branches:
Dungeon (3/15)

Altars:
Gozag

Shops:
D:1 !

Annotations:
D:2 1 runed translucent door, Crazy Yiuf
D:3 Grinder


Message History

The sling bullet barely misses the gnoll.
Grinder blinks!
The gnoll closely misses you. The gnoll hits you but does no damage.
You shoot a sling bullet.
The sling bullet hits the gnoll but does no damage.
The gnoll is severely wounded.
The gnoll closely misses you. The gnoll hits you but does no damage.
You shoot a sling bullet.
The sling bullet barely misses the gnoll.
The gnoll closely misses you. x2
You shoot a sling bullet.
The sling bullet closely misses the gnoll.
The rat closely misses you.
The gnoll hits you from afar with a +0 spear.
The gnoll hits you but does no damage.
You shoot a sling bullet. The sling bullet hits the gnoll.
The gnoll is almost dead.
Grinder gestures at you.
You barely resist. The gnoll closely misses you. The rat barely misses you.
The gnoll hits you with a +0 flail. The rat bites you but does no damage.
You block the gnoll's attack. Grinder gestures at you.
You resist with significant effort. The gnoll hits you but does no damage.
You shoot a sling bullet. The sling bullet hits the gnoll.
You kill the gnoll!
The gnoll hits you but does no damage. You block the rat's attack.
You shoot a sling bullet.
The sling bullet hits Grinder but does no damage.
Grinder hits you.
You writhe in agony.
The rat barely misses you.
The gnoll hits you from afar with a +0 spear.
You shoot a sling bullet.
The sling bullet hits Grinder but does no damage.
Grinder says, "FISH!"
Grinder hits you.
You writhe in agony.
The gnoll hits you but does no damage. You block the rat's attack.
1591 ||| READING scroll of teleportation.
As you read the scroll of teleportation, it crumbles to dust.
You feel strangely unstable. You block the rat's attack. Grinder hits you.
You writhe in agony.
You die...

...................#
.............)......#
....................#
....................#
.(..................#
.........[..........#
....................#
.......5............#
......r@............#
......))............#
.....g.........)..).#
..$.................#
..?.................#
....................#
....................#
....................#
.................##


You could see Grinder, a gnoll and a rat.

Vanquished Creatures
  Jessica (D:3)
  2 gnolls (D:3)
  An adder (D:2)
  7 bats
  An endoplasm (D:1)
  8 goblins
  4 hobgoblins
  A quokka (D:1)
  3 ball pythons
  3 frilled lizards (D:1)
  5 kobolds
  4 rats
40 creatures vanquished.

Notes
Turn   | Place    | Note
-------+----------+-------------------------------------------
     0 | D:1      | qw the Gargoyle Hexslinger began the quest for the Orb.
     0 | D:1      | Reached XP level 1. HP: 12/12 MP: 2/2
     0 | D:1      | 0 ||| qw: Version: 0.3-a-52-g30416fa
     0 | D:1      | 0 ||| qw: Game counter: 5766
     0 | D:1      | 0 ||| qw: Melee chars always use a shield: true
     0 | D:1      | 0 ||| qw: God list: Okawaru
     0 | D:1      | 0 ||| qw: Allow faded altars: false
     0 | D:1      | 0 ||| qw: Do Orc after clearing Dungeon:15 true
     0 | D:1      | 0 ||| qw: Do second Lair branch before Depths: true
     0 | D:1      | 0 ||| qw: Lair rune preference: random
     0 | D:1      | 0 ||| qw: Goals: Normal
     0 | D:1      | 0 ||| PLANNING D:1-11
   239 | D:1      | Found Wovoschikk's Distillery.
   248 | D:1      | 248 ||| SHOPLISTING potion of curing (42 gold, have 30).
   248 | D:1      | 248 ||| SHOPLISTING potion of mutation (112 gold, have 30).
   266 | D:1      | Reached XP level 2. HP: 16/16 MP: 3/3
   687 | D:1      | 687 ||| UPGRADING to +0 leather armour.
   697 | D:1      | 697 ||| DROPPING +0 robe.
   698 | D:1      | 698 ||| UPGRADING to +2 leather armour of fire resistance.
   708 | D:1      | 708 ||| DROPPING +0 leather armour.
   709 | D:1      | 709 ||| DROPPING amulet of magic regeneration.
   710 | D:1      | 710 ||| UPGRADING to amulet of reflection.
   715 | D:1      | 715 ||| READING scroll labelled BEYBBIORRU.
   718 | D:1      | 718 ||| READING 3 scrolls labelled MORPHI SOSCHOUTS.
   719 | D:1      | 719 ||| READING scroll labelled CESAEN MOIFIL.
   720 | D:1      | 720 ||| READING 2 scrolls of identify.
   720 | D:1      | 720 ||| IDENTIFYING amethyst potion
   721 | D:1      | 721 ||| DROPPING scroll of poison.
   765 | D:2      | Found a faded altar of an unknown god.
   796 | D:2      | Reached skill level 3 in Ranged Weapons
   822 | D:2      | Reached XP level 3. HP: 21/21 MP: 4/4
   925 | D:2      | Found a runed translucent door.
   926 | D:2      | Noticed Crazy Yiuf
  1277 | D:2      | 1277 ||| UPGRADING to +6 ring of strength.
  1278 | D:2      | 1278 ||| READING 3 scrolls of identify.
  1278 | D:2      | 1278 ||| IDENTIFYING inky potion
  1279 | D:2      | 1279 ||| READING 2 scrolls of identify.
  1279 | D:2      | 1279 ||| IDENTIFYING sapphire potion
  1280 | D:2      | 1280 ||| DROPPING potion of lignification.
  1367 | D:3      | Found an opulent altar of Gozag.
  1514 | D:3      | Noticed Jessica
  1526 | D:3      | Killed Jessica
  1527 | D:3      | Reached skill level 4 in Ranged Weapons
  1527 | D:3      | Reached XP level 4. HP: 25/26 MP: 5/5
  1573 | D:3      | Noticed Grinder
  1590 | D:3      | HP: 3/26 [Grinder (6)]
  1591 | D:3      | 1591 ||| READING scroll of teleportation.
  1591 | D:3      | HP: 1/26 [Grinder (2)]
  1591 | D:3      | Slain by Grinder

Levels and vault maps discovered:
D:1:      nagdon_arrival_zigzag_paths, layout_loops_ring, serial_shops, shop
D:2:      layout_rooms, hellmonk_ecumenical_altar_inner_sanctum,
          minmay_quadrilaterals, uniq_crazy_yiuf_cottage
D:3:      layout_loops_ring, grunt_gozag_statues, bloody_makhleb,
          grunt_decor_cap, wad_floor_pattern_2, st_stairs_6, chequers_arboretum,
          minivault_27, uniq_grinder, uniq_jessica

Skill      XL: |  1  2  3 |
---------------+----------+-----
Ranged Weapons | 3 4 |  4.4
Fighting       | 2 |  2.0
Dodging        | |  1.5
Spellcasting   | |  1.0
Hexes          | |  2.6

Action                     |  1- 3 |  4- 6 || total
---------------------------+-------+-------++-------
   Fire: Sling             |    87 |    26 ||   113
    Use: Scroll            |     6 |     1 ||     7
 Armour: Robe              |     3 |       ||     3
         Leather armour    |     5 |     9 ||    14
  Dodge: Dodged            |    24 |    13 ||    37
  Block: Other             |     9 |     5 ||    14
         Reflection        |     1 |       ||     1

Table legend:
 A = Non-vault XP
 B = Vault XP
 C = Vault XP percentage of total XP
 D = Non-vault monster count
 E = Vault monster count
 F = Vault count percentage of total count
                 A         B        C        D         E       F
            +---------+---------+-------+---------+---------+-------
      Total |      87 |      46 |  34.6 |      34 |       6 |  15.0
            +---------+---------+-------+---------+---------+-------
        D:1 |      17 |       0 |   0.0 |      12 |       0 |   0.0
        D:2 |      34 |       7 |  17.1 |      15 |       4 |  21.1
        D:3 |      36 |      39 |  52.0 |       7 |       2 |  22.2
            +---------+---------+-------+---------+---------+-------
